[ AOE2 MATCH · #482634854 ]
UnrankedLithuanians vs Byzantines
[ REPLAY ANALYSIS · EXTRACTED FROM THE RECORDED GAME ]
Feudal
—
Castle
—
Imperial
—
| APM avg | 58.6 |
| APM peak | 103 |
| eAPM avg | 32.9 |
| Villagers / military | 181 / 164 |
Focus
⚔️ 24.9% · 🌾 75.1%
Skirmisher ×80 · Leitis ×39 · Scout Cavalry ×36 · Monk ×5 · Mangonel ×2 · Spearman ×2
Feudal
9:19
Castle
20:29
Imperial
40:02
| APM avg | 51.0 |
| APM peak | 89 |
| eAPM avg | 27.5 |
| Villagers / military | 160 / 241 |
Focus
⚔️ 26.7% · 🌾 73.3%
Scout Cavalry ×116 · Archer ×107 · Trebuchet (Packed) ×9 · Camel Scout ×4 · Spearman ×3 · Mangonel ×1
Match map
Initial resources + every placement click. Lines = walls · curves = elevation contours. ◆ gold · ⬟ stone · ● berries · ✦ relic · ◌ wall gap
Your base· ✓ Closed at 21:52 · 9t walls · 3 gate(s)
[KoM] SirFreddi's base· Open — unwalled flank
Smoothed initial terrain · ◌ = detected wall gap · hover for details
Inputs per minute
— KingNac8 - - [KoM] SirFreddi
Build order — KingNac8
First 150 of 568 actions detected
| 0:00 | Create | Villager (Male) |
| 0:01 | Build | House |
| 0:05 | Build | House |
| 0:08 | Create | Villager (Male) |
| 0:08 | Create | Villager (Male) |
| 0:08 | Create | Villager (Male) |
| 0:09 | Create | Villager (Male) |
| 0:09 | Create | Villager (Male) |
| 1:22 | Create | Villager (Male) |
| 1:23 | Create | Villager (Male) |
| 1:59 | Research | Loom |
| 2:00 | Create | Villager (Male) |
| 2:11 | Build | House |
| 2:11 | Build | House |
| 2:14 | Create | Villager (Male) |
| 3:01 | Create | Villager (Male) |
| 3:01 | Create | Villager (Male) |
| 3:24 | Build | Mill |
| 3:41 | Create | Villager (Male) |
| 4:12 | Create | Villager (Male) |
| 4:13 | Create | Villager (Male) |
| 4:15 | Create | Villager (Male) |
| 4:20 | Create | Villager (Male) |
| 5:00 | Create | Villager (Male) |
| 5:01 | Create | Villager (Male) |
| 5:01 | Create | Villager (Male) |
| 5:09 | Build | Lumber Camp |
| 7:23 | Build | Barracks |
| 7:36 | Research | Feudal Age |
| 8:21 | Build | House |
| 8:23 | Build | House |
| 8:25 | Build | House |
| 9:50 | Create | Villager (Male) |
| 9:50 | Create | Villager (Male) |
| 9:54 | Build | Stable |
| 10:05 | Research | Double-Bit Axe |
| 10:11 | Build | Palisade Gate |
| 10:34 | Create | Spearman |
| 10:45 | Build | House |
| 10:46 | Build | Palisade Wall |
| 10:54 | Build | Farm |
| 10:58 | Build | Farm |
| 10:59 | Create | Scout Cavalry |
| 10:59 | Create | Scout Cavalry |
| 11:00 | Create | Scout Cavalry |
| 11:15 | Build | Farm |
| 11:16 | Create | Villager (Male) |
| 11:16 | Create | Villager (Male) |
| 11:16 | Create | Villager (Male) |
| 11:19 | Build | Farm |
| 11:45 | Build | Lumber Camp |
| 11:53 | Build | Palisade Wall |
| 11:59 | Create | Villager (Male) |
| 11:59 | Create | Villager (Male) |
| 12:01 | Build | Farm |
| 12:18 | Build | Palisade Gate |
| 12:25 | Build | House |
| 12:25 | Build | House |
| 12:31 | Create | Villager (Male) |
| 12:32 | Build | Farm |
| 12:41 | Create | Scout Cavalry |
| 12:55 | Create | Villager (Male) |
| 12:55 | Create | Villager (Male) |
| 13:04 | Build | Mining Camp |
| 14:01 | Create | Scout Cavalry |
| 14:02 | Create | Scout Cavalry |
| 14:12 | Build | Market |
| 14:15 | Build | Palisade Gate |
| 14:18 | Build | Farm |
| 14:19 | Create | Villager (Male) |
| 14:26 | Build | Farm |
| 14:33 | Build | House |
| 14:34 | Build | House |
| 14:35 | Create | Spearman |
| 15:12 | Build | Farm |
| 15:13 | Build | Farm |
| 15:15 | Build | Farm |
| 15:21 | Create | Villager (Male) |
| 15:22 | Create | Villager (Male) |
| 16:20 | Research | Bloodlines |
| 16:22 | Create | Scout Cavalry |
| 16:31 | Build | Farm |
| 16:34 | Build | Farm |
| 16:37 | Build | Farm |
| 16:40 | Build | House |
| 16:41 | Build | House |
| 16:42 | Build | House |
| 16:48 | Build | Stable |
| 16:51 | Create | Scout Cavalry |
| 16:51 | Create | Scout Cavalry |
| 17:00 | Create | Villager (Male) |
| 17:00 | Create | Villager (Male) |
| 17:00 | Create | Villager (Male) |
| 17:03 | Build | House |
| 17:08 | Build | Farm |
| 17:18 | Build | Farm |
| 17:26 | Create | Scout Cavalry |
| 17:35 | Research | Horse Collar |
| 17:36 | Create | Villager (Male) |
| 17:36 | Create | Villager (Male) |
| 17:59 | Create | Villager (Male) |
| 17:59 | Create | Villager (Male) |
| 18:04 | Create | Scout Cavalry |
| 18:04 | Create | Scout Cavalry |
| 18:13 | Build | Farm |
| 18:15 | Build | Farm |
| 18:18 | Build | Farm |
| 18:29 | Build | Farm |
| 19:17 | Create | Villager (Male) |
| 19:18 | Create | Villager (Male) |
| 19:20 | Create | Scout Cavalry |
| 19:21 | Create | Scout Cavalry |
| 19:21 | Create | Scout Cavalry |
| 20:00 | Build | Farm |
| 20:08 | Build | Farm |
| 20:09 | Build | Farm |
| 20:25 | Build | Farm |
| 20:27 | Create | Villager (Male) |
| 20:27 | Create | Villager (Male) |
| 20:33 | Create | Scout Cavalry |
| 20:33 | Create | Scout Cavalry |
| 20:34 | Create | Scout Cavalry |
| 20:34 | Create | Scout Cavalry |
| 21:45 | Build | Farm |
| 21:52 | Research | Castle Age |
| 21:56 | Build | Lumber Camp |
| 22:04 | Create | Scout Cavalry |
| 22:04 | Create | Scout Cavalry |
| 22:10 | Create | Scout Cavalry |
| 23:05 | Build | Blacksmith |
| 23:34 | Create | Scout Cavalry |
| 23:34 | Create | Scout Cavalry |
| 23:34 | Create | Scout Cavalry |
| 24:01 | Research | Forging |
| 24:01 | Research | Scale Barding Armor |
| 24:36 | Research | Husbandry |
| 24:40 | Build | Monastery |
| 25:00 | Build | Town Center |
| 25:02 | Create | Monk |
| 25:02 | Create | Monk |
| 25:04 | Build | Monastery |
| 25:11 | Research | Light Cavalry (upgrade) |
| 25:21 | Create | Villager (Male) |
| 25:22 | Create | Villager (Male) |
| 25:22 | Create | Villager (Male) |
| 25:22 | Create | Villager (Male) |
| 25:32 | Create | Monk |
| 25:33 | Create | Monk |
| 25:33 | Create | Monk |
| 26:05 | Create | Scout Cavalry |
Build order — [KoM] SirFreddi
First 150 of 389 actions detected
| 0:00 | Create | Villager (Male) |
| 0:01 | Create | Villager (Male) |
| 0:02 | Build | House |
| 0:03 | Build | House |
| 0:42 | Create | Villager (Male) |
| 1:08 | Create | Villager (Male) |
| 1:26 | Create | Villager (Male) |
| 1:53 | Build | Lumber Camp |
| 2:08 | Create | Villager (Male) |
| 2:09 | Create | Villager (Male) |
| 2:18 | Create | Villager (Male) |
| 2:53 | Create | Villager (Male) |
| 3:02 | Build | House |
| 3:06 | Create | Villager (Male) |
| 3:07 | Create | Villager (Male) |
| 3:46 | Create | Villager (Male) |
| 4:04 | Create | Villager (Male) |
| 4:04 | Create | Villager (Male) |
| 4:38 | Create | Villager (Male) |
| 4:55 | Create | Villager (Male) |
| 5:10 | Create | Villager (Male) |
| 5:21 | Create | Villager (Male) |
| 5:32 | Build | Mill |
| 5:56 | Create | Villager (Male) |
| 5:57 | Research | Loom |
| 6:52 | Research | Feudal Age |
| 7:35 | Build | House |
| 8:27 | Build | Barracks |
| 8:43 | Create | Villager (Male) |
| 8:44 | Create | Villager (Male) |
| 9:19 | Age | Feudal Age |
| 9:22 | Build | Stable |
| 9:25 | Build | House |
| 9:31 | Research | Double-Bit Axe |
| 9:38 | Research | Horse Collar |
| 9:48 | Create | Villager (Male) |
| 9:56 | Create | Scout Cavalry |
| 9:56 | Create | Scout Cavalry |
| 10:15 | Build | Farm |
| 10:22 | Build | Farm |
| 10:25 | Create | Villager (Male) |
| 10:37 | Create | Spearman |
| 10:39 | Create | Villager (Male) |
| 10:55 | Build | House |
| 11:20 | Create | Scout Cavalry |
| 11:28 | Build | Farm |
| 11:32 | Build | Farm |
| 11:34 | Build | Farm |
| 11:36 | Build | Farm |
| 11:39 | Build | Farm |
| 11:45 | Create | Villager (Male) |
| 11:56 | Build | Farm |
| 12:10 | Build | Palisade Wall |
| 12:17 | Build | Farm |
| 12:18 | Create | Villager (Male) |
| 12:29 | Build | Farm |
| 12:31 | Create | Villager (Male) |
| 12:33 | Build | Farm |
| 12:52 | Create | Villager (Male) |
| 12:56 | Build | Farm |
| 12:59 | Build | Farm |
| 13:04 | Build | Palisade Wall |
| 13:06 | Build | Palisade Wall |
| 13:07 | Build | Palisade Wall |
| 13:09 | Build | Palisade Wall |
| 13:19 | Create | Villager (Male) |
| 13:39 | Create | Villager (Male) |
| 13:41 | Create | Villager (Male) |
| 13:53 | Create | Villager (Male) |
| 13:57 | Build | Farm |
| 14:04 | Build | House |
| 14:12 | Create | Villager (Male) |
| 14:20 | Create | Villager (Male) |
| 14:29 | Build | House |
| 14:37 | Create | Villager (Male) |
| 14:53 | Create | Villager (Male) |
| 15:19 | Build | Mining Camp |
| 15:31 | Create | Spearman |
| 15:47 | Build | Palisade Gate |
| 16:43 | Build | Market |
| 16:50 | Create | Villager (Male) |
| 17:16 | Build | Blacksmith |
| 17:23 | Create | Villager (Male) |
| 17:49 | Research | Castle Age |
| 17:54 | Create | Scout Cavalry |
| 18:09 | Research | Forging |
| 18:34 | Create | Scout Cavalry |
| 18:43 | Build | House |
| 18:45 | Build | Palisade Wall |
| 18:47 | Build | House |
| 19:21 | Build | Lumber Camp |
| 20:14 | Create | Villager (Male) |
| 20:23 | Research | Scale Barding Armor |
| 20:29 | Age | Castle Age |
| 20:31 | Create | Camel Scout |
| 20:32 | Create | Camel Scout |
| 20:40 | Build | Town Center |
| 20:43 | Create | Spearman |
| 21:20 | Create | Villager (Male) |
| 21:25 | Create | Villager (Male) |
| 21:28 | Research | Bow Saw |
| 21:30 | Research | Heavy Plow |
| 21:49 | Create | Villager (Male) |
| 22:02 | Build | Archery Range |
| 22:03 | Build | Archery Range |
| 22:11 | Create | Villager (Male) |
| 22:12 | Create | Villager (Male) |
| 22:12 | Create | Villager (Male) |
| 22:20 | Build | Farm |
| 22:34 | Research | Fletching |
| 23:18 | Create | Camel Scout |
| 23:19 | Create | Villager (Male) |
| 23:20 | Create | Villager (Male) |
| 23:26 | Build | Mining Camp |
| 23:50 | Create | Villager (Male) |
| 23:56 | Build | House |
| 24:11 | Create | Villager (Male) |
| 24:11 | Create | Villager (Male) |
| 24:14 | Build | Farm |
| 24:15 | Build | Farm |
| 24:21 | Build | Farm |
| 24:22 | Create | Villager (Male) |
| 25:16 | Research | Crossbowman (upgrade) |
| 25:16 | Create | Villager (Male) |
| 25:17 | Create | Villager (Male) |
| 25:22 | Build | Farm |
| 25:22 | Build | Farm |
| 25:22 | Build | Farm |
| 25:23 | Build | Farm |
| 25:24 | Build | Farm |
| 25:26 | Create | Villager (Male) |
| 25:26 | Create | Villager (Male) |
| 25:51 | Create | Villager (Male) |
| 25:54 | Create | Villager (Male) |
| 25:57 | Build | Farm |
| 25:57 | Create | Villager (Male) |
| 26:08 | Create | Archer ×5 |
| 26:08 | Create | Villager (Male) |
| 26:17 | Build | House |
| 26:26 | Research | Padded Archer Armor |
| 26:27 | Create | Villager (Male) |
| 26:35 | Build | University |
| 26:37 | Build | Monastery |
| 26:38 | Create | Villager (Male) |
| 26:53 | Build | House |
| 26:54 | Build | House |
| 26:55 | Build | House |
| 26:56 | Build | House |
| 26:56 | Build | House |
| 26:58 | Build | House |
Match timeline
| 7:23 | KingNac8 · first_building Barracks |
| 8:27 | [KoM] SirFreddi · first_building Barracks |
| 9:19 | [KoM] SirFreddi · age_up feudal |
| 9:22 | [KoM] SirFreddi · first_building Stable |
| 9:54 | KingNac8 · first_building Stable |
| 10:46 | KingNac8 · wall_segment Palisade Wall x1 |
| 11:53 | KingNac8 · wall_segment Palisade Wall x8 |
| 12:10 | [KoM] SirFreddi · wall_segment Palisade Wall x5 |
| 13:04 | [KoM] SirFreddi · wall_segment Palisade Wall x1 |
| 13:06 | [KoM] SirFreddi · wall_segment Palisade Wall x1 |
| 13:07 | [KoM] SirFreddi · wall_segment Palisade Wall x1 |
| 13:09 | [KoM] SirFreddi · wall_segment Palisade Wall x1 |
| 18:45 | [KoM] SirFreddi · wall_segment Palisade Wall x1 |
| 20:29 | [KoM] SirFreddi · age_up castle |
| 21:40 | KingNac8 · first_market_buy 100 food |
| 21:41 | KingNac8 · first_market_sell 100 wood |
| 22:02 | [KoM] SirFreddi · first_building Archery Range |
| 24:40 | KingNac8 · first_building Monastery |
| 26:37 | [KoM] SirFreddi · first_building Monastery |
| 28:12 | [KoM] SirFreddi · first_market_sell 100 wood |
| 31:56 | [KoM] SirFreddi · first_building Siege Workshop |
| 33:19 | KingNac8 · first_building Castle |
| 35:38 | KingNac8 · first_building Siege Workshop |
| 35:46 | [KoM] SirFreddi · first_building Castle |
| 38:38 | [KoM] SirFreddi · first_market_buy 100 stone |
| 39:44 | KingNac8 · first_building Archery Range |
| 40:02 | [KoM] SirFreddi · age_up imperial |
| 51:41 | KingNac8 · resign |
[ AI ANALYSIS · 1 CREDIT ]
What really happened in this match?
Wolo.gg analyzes every decision: build order, eco, micro, common mistakes by bracket. Personalized analysis on WhatsApp or Discord in 30 seconds.
Civ guide
Lithuanians
Perfil
Jugador #289912